[Event "Gibraltar Amateurs B 2019"]
[Site "Caleta"]
[Date "2019.01.26"]
[Round "1"]
[White "Pink, Joshua"]
[Black "Whitworth, John"]
[Result "1-0"]
[ECO "C54"]
[WhiteElo "1890"]
[BlackElo "1690"]
[Annotator "NA"]
[PlyCount "135"]
[EventDate "2019.01.18"]
[EventType "swiss"]
[EventCountry "GGB"]
[SourceTitle "playchess.com"]
[Source "ChessBase"]
[SourceQuality "1"]
[TimeControl "6600+10"]

1. e4 e5 2. Nf3 Nc6 3. Bc4 Bc5 4. c3 Nf6 5. d4 exd4 6. cxd4 Bb4+ 7. Nc3 Nxe4 8. O-O Bxc3 9. d5 Ne5 10. Qe2 O-O 11. bxc3 Nxc4 12. Qxe4 Nd6 13. Qd3 Qf6 {[%emt 0:01:35] LiveBook: 10 Games C54: Giuoco Piano: 4 c3 Nf6, main lines with 5 d4 and 5 d3} 14. Ba3 (14. Re1 b6 15. Bg5 Qf5 16. Qxf5 Nxf5 17. g4 f6 18. Bf4 Nd6 19. Bxd6 cxd6 20. Nd4 Bb7 21. Nf5 {½-½ (37) Gashimov,V (2740)-Dominguez Perez,L (2713) Nice 2010}) 14... b6 15. Rfe1 Bb7 16. Ne5 Rfd8 17. Re3 $146 ({Predecessor:} 17. Rad1 a5 18. c4 Ba6 19. Bb2 Qf5 20. Qd4 f6 21. Ng4 Nxc4 {1-0 (31) De Paula,B (1781)-Rogani,B (1968) Santos 2010}) 17... Qf5 18. Bxd6 Qxd3 19. Rxd3 cxd6 20. Nf3 Re8 21. c4 $15 Rac8 22. Nd2 f6 23. f3 f5 24. Kf2 Ba6 25. Rc1 Bb7 26. Re1 Rxe1 27. Kxe1 Kf7 28. Kf2 Rc5 29. Ra3 a6 30. Rb3 b5 31. Ke3 Ba8 32. Rb4 bxc4 33. Nxc4 Bxd5 34. Nxd6+ Ke6 35. Nb7 Bxb7 36. Rxb7 Ra5 37. Rb6+ Kd5 38. Rb7 Kc6 39. Rb2 g5 40. Kd4 Rd5+ 41. Kc4 Rc5+ 42. Kd4 a5 43. a4 h6 44. Re2 Rd5+ 45. Kc4 Rd1 46. Re5 d5+ 47. Kc3 f4 48. Re6+ Kc5 49. Ra6 d4+ 50. Kc2 Ra1 51. Rxa5+ Kc4 52. Ra8 Ra2+ 53. Kc1 Rxg2 54. a5 Ra2 55. Kb1 Ra4 56. a6 Kd3 57. a7 Kd2 58. Kb2 d3 59. Kb3 Ra6 60. h3 Kd1 61. Kb2 d2 62. Kb1 Rb6+ 63. Ka2 Ra6+ 64. Kb2 Rc6 65. Rb8 Rc2+ 66. Kb3 Rc1 67. a8=Q Rb1+ 68. Kc3 1-0

[Event "Gibraltar Amateurs B 2019"]
[Site "Caleta"]
[Date "2019.01.26"]
[Round "1"]
[White "Gonzalez Pabollet, Jesus Maria S"]
[Black "Fong, Mi Yen"]
[Result "0-1"]
[ECO "E61"]
[WhiteElo "1875"]
[BlackElo "1687"]
[Annotator "NA"]
[PlyCount "66"]
[EventDate "2019.01.18"]
[EventType "swiss"]
[EventCountry "GGB"]
[SourceTitle "playchess.com"]
[Source "ChessBase"]
[SourceQuality "1"]
[TimeControl "6600+10"]

1. Nf3 Nf6 2. c4 d6 3. Nc3 g6 4. d4 Bg7 5. Bg5 O-O 6. Qd2 Nbd7 7. Rd1 c5 8. e3 h6 9. Bh4 g5 10. Bg3 Nh5 11. Be2 a6 12. Qc2 cxd4 13. exd4 $11 Ndf6 14. Nd2 Nxg3 15. hxg3 d5 16. Nf3 dxc4 17. Bxc4 Bg4 18. Rd2 Bxf3 19. gxf3 Rc8 20. Bb3 Re8 21. Qg6 e6 22. Qd3 Nd5 23. Bc2 f5 24. Nxd5 Qxd5 25. Bb3 Rc1+ 26. Ke2 Rxh1 27. Bxd5 exd5+ 28. Qe3 Rxe3+ 29. Kxe3 Rc1 30. b3 Kf7 31. f4 Rc3+ 32. Rd3 Rxd3+ 33. Kxd3 gxf4 0-1

[Event "Gibraltar Amateurs B 2019"]
[Site "Caleta"]
[Date "2019.01.26"]
[Round "1"]
[White "Lochte, Szilvia"]
[Black "Guardia Bencomo, Tomas"]
[Result "1-0"]
[ECO "A20"]
[WhiteElo "1868"]
[BlackElo "1664"]
[Annotator "NA"]
[PlyCount "41"]
[EventDate "2019.01.18"]
[EventType "swiss"]
[EventCountry "GGB"]
[SourceTitle "playchess.com"]
[Source "ChessBase"]
[SourceQuality "1"]
[TimeControl "6600+10"]

1. c4 e5 2. g3 f5 3. d4 Bb4+ 4. Nc3 exd4 5. Qxd4 Qf6 6. Qxf6 Nxf6 7. Bd2 Nc6 8. Nf3 O-O 9. Bg2 Bxc3 10. Bxc3 Ne4 11. Rc1 f4 12. O-O fxg3 13. hxg3 Nxc3 14. Rxc3 d6 15. Ng5 Bd7 16. Bd5+ Kh8 17. Nf7+ Kg8 18. Nxd6+ Kh8 19. Nf7+ Kg8 20. Ne5+ Kh8 21. Nxd7 1-0

[Event "Gibraltar Amateurs B 2019"]
[Site "Caleta"]
[Date "2019.01.26"]
[Round "1"]
[White "Robson, Paul E"]
[Black "Moreno Guerrero, Idelfonso"]
[Result "1-0"]
[ECO "B02"]
[WhiteElo "1861"]
[BlackElo "1651"]
[Annotator "NA"]
[PlyCount "55"]
[EventDate "2019.01.18"]
[EventType "swiss"]
[EventCountry "GGB"]
[SourceTitle "playchess.com"]
[Source "ChessBase"]
[SourceQuality "1"]
[TimeControl "6600+10"]

1. e4 Nf6 2. e5 Nd5 3. Nc3 Nxc3 4. dxc3 d6 5. Nf3 Bg4 6. Bc4 e6 7. Bf4 Be7 8. h3 dxe5 9. Qxd8+ Bxd8 10. Nxe5 Bf5 11. O-O-O h6 12. Rxd8+ Kxd8 13. Nxf7+ Ke7 14. Nxh8 Nd7 15. g4 Bh7 16. Re1 Nf8 17. Be5 g6 18. Bg7 h5 $18 19. g5 Bg8 20. Bxf8+ Kxf8 21. Nxg6+ Kg7 22. Ne5 Rf8 23. f3 c6 24. Bd3 a6 25. Be4 Rf4 26. Rd1 h4 27. Rd7+ Bf7 28. g6 1-0

[Event "Gibraltar Amateurs B 2019"]
[Site "Caleta"]
[Date "2019.01.26"]
[Round "1"]
[White "Johansson, Daniel 1984"]
[Black "Muelas Delgado, Ricardo"]
[Result "1-0"]
[ECO "B44"]
[WhiteElo "1859"]
[BlackElo "1626"]
[Annotator "NA"]
[PlyCount "71"]
[EventDate "2019.01.18"]
[EventType "swiss"]
[EventCountry "GGB"]
[SourceTitle "playchess.com"]
[Source "ChessBase"]
[SourceQuality "1"]
[TimeControl "6600+10"]

1. e4 c5 2. g3 Nc6 3. Bg2 e6 4. Ne2 d5 5. exd5 exd5 6. d4 Nf6 7. O-O cxd4 8. Nxd4 Be7 9. h3 O-O 10. c3 Qb6 11. Nb3 Be6 12. Be3 Qc7 13. Nd4 Qd7 14. Kh2 h5 15. Nd2 $14 Ne5 16. Qe2 h4 17. g4 Qc7 18. f4 Nc4 19. Nxc4 dxc4 20. Nxe6 fxe6 21. Bd4 Rae8 22. Qxe6+ Kh8 23. Be5 Qc5 24. Rae1 Qb5 25. Qf5 Nd5 26. Qh5+ Kg8 27. Bxg7 Kxg7 28. Bxd5 Qd7 29. Re6 Bf6 30. Rfe1 Rxe6 31. Rxe6 Qc7 32. Qf5 Qf7 33. Rd6 Qe8 34. Rd7+ Be7 35. Qg5+ Kh8 36. Qh6# 1-0

[Event "Gibraltar Amateurs B 2019"]
[Site "Caleta"]
[Date "2019.01.26"]
[Round "1"]
[White "D`haluin, Wim"]
[Black "Cernuda Orejas, Victor Manuel"]
[Result "0-1"]
[ECO "A46"]
[WhiteElo "1702"]
[BlackElo "1893"]
[Annotator "NA"]
[PlyCount "35"]
[EventDate "2019.01.18"]
[EventType "swiss"]
[EventCountry "GGB"]
[SourceTitle "playchess.com"]
[Source "ChessBase"]
[SourceQuality "1"]
[TimeControl "6600+10"]

1. d4 c6 2. Nf3 Nf6 3. Nbd2 d5 4. Nb3 Bg4 5. Bf4 Bxf3 6. exf3 e6 7. Be2 Bd6 8. Bg5 Nbd7 9. O-O Qc7 10. g3 h6 11. Bd2 h5 12. c4 dxc4 13. Bxc4 h4 14. Qe1 Nh5 15. Kg2 Nb6 16. Rc1 Qe7 17. Bg5 Qxg5 18. Bd3 $19 0-1

[Event "Gibraltar Amateurs B 2019"]
[Site "Caleta"]
[Date "2019.01.26"]
[Round "1"]
[White "Butusina, Samuel"]
[Black "Valladolid Martin, Fco. Jose"]
[Result "0-1"]
[ECO "A00"]
[WhiteElo "1688"]
[BlackElo "1878"]
[Annotator "NA"]
[PlyCount "58"]
[EventDate "2019.01.18"]
[EventType "swiss"]
[EventCountry "GGB"]
[SourceTitle "playchess.com"]
[Source "ChessBase"]
[SourceQuality "1"]
[TimeControl "6600+10"]

1. b4 e5 2. Bb2 Bxb4 3. Bxe5 Nf6 4. Nc3 O-O 5. Bxf6 Qxf6 6. Nd5 Qd6 7. Nxb4 Qxb4 8. Nf3 d5 9. e3 Qe7 10. c4 Be6 11. Qc2 c5 12. Bd3 h6 13. O-O Nc6 14. a3 Rfd8 15. cxd5 Bxd5 16. Be2 b6 17. Rfd1 Na5 18. Qc3 Rac8 $15 (18... Nb3 $5 19. Rab1 $8 {[#]} Nd4 $1 20. Nxd4 cxd4 $11) 19. Ne1 Bb3 20. Nc2 Rc6 21. Rdb1 Ba4 22. Bb5 Bxb5 23. Rxb5 Qd7 24. Rd1 Rd6 25. Rxc5 bxc5 26. Qxa5 Rxd2 27. Rc1 Rd1+ 28. Rxd1 Qxd1+ 29. Ne1 Qd2 0-1

[Event "Gibraltar Amateurs B 2019"]
[Site "Caleta"]
[Date "2019.01.26"]
[Round "1"]
[White "Krause, Helmut"]
[Black "Leimeister, Winfried"]
[Result "0-1"]
[ECO "A43"]
[WhiteElo "1668"]
[BlackElo "1870"]
[Annotator "NA"]
[PlyCount "76"]
[EventDate "2019.01.18"]
[EventType "swiss"]
[EventCountry "GGB"]
[SourceTitle "playchess.com"]
[Source "ChessBase"]
[SourceQuality "1"]
[TimeControl "6600+10"]

1. d4 Nf6 2. Nf3 c5 3. d5 g6 4. Nc3 Bg7 5. e4 d6 6. Be2 O-O 7. O-O a6 8. a4 b6 9. Bg5 h6 10. Bd2 e6 11. Qc1 exd5 12. exd5 Kh7 13. h3 Bb7 14. Bc4 Nbd7 15. Bf4 Ne8 16. Re1 Qc7 $16 (16... Ndf6 $11 {remains equal.}) 17. Qd2 Ne5 18. Qe2 Nxc4 19. Qxc4 Nf6 20. Rad1 Rfe8 21. b3 Qd7 22. Nd2 Nh5 23. Ndb1 b5 24. axb5 axb5 25. Nxb5 Ba6 26. Rxe8 Rxe8 27. Bxd6 Bxb5 28. Qxc5 Rc8 29. Qb6 Rxc2 30. Na3 Be2 31. Re1 Rd2 32. Nc4 Bxc4 33. bxc4 Bd4 34. Qc6 Bxf2+ 35. Kh1 Qxc6 36. dxc6 Rxd6 37. c7 Rc6 38. Re7 Kg7 0-1

[Event "Gibraltar Amateurs B 2019"]
[Site "Caleta"]
[Date "2019.01.26"]
[Round "1"]
[White "Gillis Glastone, Philippe"]
[Black "Bryant, Richard B E"]
[Result "1-0"]
[ECO "A80"]
[WhiteElo "1658"]
[BlackElo "1862"]
[Annotator "NA"]
[PlyCount "49"]
[EventDate "2019.01.18"]
[EventType "swiss"]
[EventCountry "GGB"]
[SourceTitle "playchess.com"]
[Source "ChessBase"]
[SourceQuality "1"]
[TimeControl "6600+10"]

1. d4 e6 2. Bf4 f5 3. Nf3 Nf6 4. e3 Be7 5. Bd3 O-O 6. Nbd2 {[%emt 0:00:59] A80: Dutch Defence: Unusual White second moves} (6. O-O b6 7. c4 Bb7 8. Nc3 Ne4 9. Bxe4 fxe4 10. Nd2 d5 11. Qg4 Rf6 12. Rac1 c6 13. f3 exf3 14. Rxf3 {1-0 (47) Taylor,A (2309)-Cumbers,P (2167) England 2018}) 6... d6 7. Qe2 Nc6 8. c3 Nh5 9. h4 $146 ({Predecessor:} 9. h3 Nxf4 10. exf4 Kh8 11. O-O-O d5 12. Kb1 Qe8 13. Rde1 {½-½ (13) Golz,W-Liebert,H Premnitz 1961}) 9... Nxf4 10. exf4 Bf6 11. O-O-O Ne7 12. h5 Nd5 13. g3 c6 14. Nc4 b5 15. Ne3 Qa5 16. Nxd5 cxd5 17. Kb1 Bd7 18. g4 fxg4 19. Ng5 $11 (19. Ne5 $5 dxe5 20. dxe5 $15) 19... Bxg5 20. fxg5 Rf4 21. Qc2 Raf8 22. h6 Rxf2 23. Bxh7+ Kh8 24. hxg7+ Kxg7 25. Qg6+ 1-0

[Event "Gibraltar Amateurs B 2019"]
[Site "Caleta"]
[Date "2019.01.26"]
[Round "1"]
[White "Krause, Marianne"]
[Black "Hermes, Geoff R"]
[Result "0-1"]
[ECO "A53"]
[WhiteElo "1637"]
[BlackElo "1860"]
[Annotator "NA"]
[PlyCount "56"]
[EventDate "2019.01.18"]
[EventType "swiss"]
[EventCountry "GGB"]
[SourceTitle "playchess.com"]
[Source "ChessBase"]
[SourceQuality "1"]
[TimeControl "6600+10"]

1. d4 d6 2. Nf3 Bg4 3. e3 Nf6 4. Be2 Nbd7 5. c4 e5 {[%emt 0:00:33] A53: Old Indian Defence without Nf3} 6. Nbd2 (6. Nc3 c6 7. O-O Be7 8. h3 Bh5 9. b3 O-O 10. Bb2 e4 11. Nh2 Bxe2 12. Qxe2 d5 13. Rac1 a6 14. Ng4 Re8 15. Rc2 Bd6 16. Nxf6+ {½-½ (16) Mamedyarov,S (2817)-Petrosian,T (2598) St Petersburg 2018}) 6... Be7 7. b3 c6 8. Bb2 e4 9. Ng5 Bxe2 10. Qxe2 d5 11. cxd5 cxd5 12. O-O $146 ({Predecessor:} 12. Qb5 Qb8 {½-½ (39) Moon,B-Ludwig,J (2140) Orlando 2014}) 12... O-O 13. Nh3 Rc8 14. Rfc1 Qa5 15. a3 Rc6 16. Qd1 Rfc8 17. Rxc6 Rxc6 18. Rc1 Qa6 19. Rxc6 bxc6 20. a4 Bb4 21. Nf4 g5 22. Nh3 $2 (22. Ne2 $17) 22... Qd3 $19 23. Bc1 h6 24. g3 Kg7 25. Kg2 c5 26. Qf1 Qc2 27. Qe2 Qxc1 28. Qe1 Qc2 0-1

[Event "Gibraltar Amateurs B 2019"]
[Site "Caleta"]
[Date "2019.01.26"]
[Round "1"]
[White "White, Gary"]
[Black "Marcos Herrero, Francisco"]
[Result "1/2-1/2"]
[ECO "A01"]
[WhiteElo "1623"]
[BlackElo "1855"]
[Annotator "NA"]
[PlyCount "111"]
[EventDate "2019.01.18"]
[EventType "swiss"]
[EventCountry "GGB"]
[SourceTitle "playchess.com"]
[Source "ChessBase"]
[SourceQuality "1"]
[TimeControl "6600+10"]

1. b3 e5 2. Bb2 Nc6 3. e3 Nf6 4. Bb5 Bd6 5. Nf3 {[%emt 0:03:24] A01: Nimzowitsch-Larsen Opening} (5. Na3 Na5 6. Be2 a6 7. c4 O-O 8. Nb1 Re8 9. Nc3 Nc6 10. d3 Bf8 11. Nf3 d5 12. cxd5 Nxd5 13. O-O Nxc3 14. Bxc3 {1-0 (66) Karjakin,S (2753)-Riazantsev,A (2649) St Petersburg 2018}) 5... Qe7 (5... e4 $5 6. Nd4 O-O $15) 6. O-O a6 7. Bxc6 $146 ({Predecessor:} 7. Be2 O-O 8. c4 Re8 9. Nc3 Ba3 10. Bxa3 Qxa3 11. d4 e4 12. Nd2 Qe7 {1-0 (27) Gardner,R (2166)-Arruebarrena,R (2232) Edmonton 2017}) 7... dxc6 8. h3 e4 9. Nh2 Bf5 10. f4 O-O-O 11. Nc3 h5 12. Ne2 h4 13. Kh1 Nh5 14. Qe1 Rh6 15. Nd4 Ng3+ 16. Kg1 g6 17. Rf2 (17. Nxf5 $17 {only move.} gxf5 18. Rf2) 17... c5 18. Nxf5 gxf5 19. d3 (19. Rd1 $17) 19... Rg8 20. Qd2 Rhg6 21. Re1 Qd8 22. Qd1 Be7 23. Rd2 Rd6 24. Nf1 Bf6 $11 25. Be5 Rd7 26. Nxg3 hxg3 27. Qh5 Bxe5 28. fxe5 Rg5 29. Qe2 Qe7 30. d4 Rg8 31. Rf1 Qe6 32. Qh5 cxd4 33. exd4 e3 34. Rd3 Rgd8 35. Rxe3 Rxd4 36. Qxf5 Qxf5 37. Rxf5 Rd1+ 38. Rf1 R1d2 39. Rxf7 Rg8 40. e6 Kd8 41. Rd3+ Rxd3 42. cxd3 Rg6 43. e7+ Ke8 44. Rf3 Kxe7 45. Re3+ Kd6 46. Kf1 Kc5 47. Ke2 Kb4 48. Re7 Rf6 49. Rxc7 Rf2+ 50. Ke3 b5 51. Rg7 Rxg2 52. Kf3 Rxa2 53. h4 Rd2 54. Rxg3 Rxd3+ 55. Kf4 Rd5 56. Ke4 1/2-1/2

[Event "Gibraltar Amateurs B 2019"]
[Site "Caleta"]
[Date "2019.01.27"]
[Round "2"]
[White "Cernuda Orejas, Victor Manuel"]
[Black "Anjali R. Sagar"]
[Result "1-0"]
[ECO "D00"]
[WhiteElo "1893"]
[BlackElo "1787"]
[Annotator "NA"]
[PlyCount "82"]
[EventDate "2019.01.18"]
[EventType "swiss"]
[EventCountry "GGB"]
[SourceTitle "playchess.com"]
[Source "ChessBase"]
[SourceQuality "1"]
[TimeControl "6600+10"]

1. c3 Nf6 2. d4 d5 3. Bg5 Ne4 4. Be3 {[%emt 0:00:09] D00: 1 d4 d5: Unusual lines} (4. Bf4 c5 5. e3 Nc6 6. Bd3 g5 7. Bg3 h5 8. Bxe4 dxe4 9. h4 g4 10. d5 Na5 11. Qa4+ Bd7 12. Qxe4 Qb6 13. b3 {1-0 (51) Al Sayed,M (2484)-Lobanov,S (2526) St Petersburg 2018}) 4... Bf5 5. Nd2 e6 6. Nxe4 Bxe4 7. h4 $146 ({Predecessor:} 7. Qa4+ Nd7 8. f3 {1-0 (8) Gradisar,M (1764)-Bajda,R (2036) ICCF email 2006}) 7... h6 8. Qb3 b6 9. Nf3 Nd7 10. Ne5 (10. Nd2 $11) 10... Nxe5 11. dxe5 c5 12. Qa4+ Qd7 13. Qxd7+ Kxd7 14. f3 Bh7 15. Bf2 Be7 16. O-O-O Rhd8 17. e4 Kc7 18. exd5 Rxd5 19. Rxd5 exd5 20. Kd2 Rd8 21. g4 d4 {[%emt 0:05:36] [#]} 22. cxd4 $1 cxd4 23. Bd3 Bxd3 24. Kxd3 Rd5 25. f4 f6 26. Ke4 Ra5 27. Bxd4 Rxa2 28. exf6 Bxf6 29. Bxf6 gxf6 30. Kf5 Rxb2 31. Kxf6 Rb4 32. Ke5 Kd7 33. g5 Ke7 34. Kf5 Kf7 35. g6+ Kg7 36. h5 Rb5+ 37. Kg4 Rc5 38. Rd1 Rc7 39. Rd8 Rb7 40. f5 b5 41. Rd6 Re7 1-0

[Event "Gibraltar Amateurs B 2019"]
[Site "Caleta"]
[Date "2019.01.27"]
[Round "2"]
[White "Valladolid Martin, Fco. Jose"]
[Black "Lopez Valcarcel, Juan"]
[Result "1/2-1/2"]
[ECO "B41"]
[WhiteElo "1878"]
[BlackElo "1761"]
[Annotator "NA"]
[PlyCount "81"]
[EventDate "2019.01.18"]
[EventType "swiss"]
[EventCountry "GGB"]
[SourceTitle "playchess.com"]
[Source "ChessBase"]
[SourceQuality "1"]
[TimeControl "6600+10"]

1. e4 c5 2. Nf3 d6 3. d4 cxd4 4. Nxd4 Nf6 5. f3 a6 6. c4 e6 7. Nc3 Be7 8. Be3 Nbd7 9. Be2 Qc7 10. O-O O-O {[%emt 0:03:00] LiveBook: 31 Games} 11. Rc1 {[%emt 0:02:02] B41: Sicilian: Kan Variation: 5 c4} (11. Qd2 b6 12. Rfc1 Bb7 13. a4 Rfc8 14. a5 Qb8 15. axb6 Bd8 16. Na4 Bc6 17. Nxc6 Rxc6 18. e5 Nxe5 19. b4 d5 20. c5 Qb7 21. Nb2 Rcc8 22. Ra4 h5 23. Rca1 h4 24. h3 {1-0 (24) Kovalenko,I (2672)-Stocko,J (2334) Budapest 2017}) 11... Qa5 $1 $146 ({Predecessor:} 11... b6 12. Qd2 Bb7 13. Rfd1 Rfe8 14. Bf1 Rac8 15. Qf2 Qb8 16. a3 Bd8 17. Nc2 Bc7 18. g3 Ne5 19. Be2 Bd8 20. Bxb6 Nxc4 21. Ba7 Qc7 22. Bxc4 Qxc4 23. Rxd6 Ba5 24. Ne3 {1-0 (56) Orlov,G (2529)-Valencia,B (2378) Richmond 2017}) 12. Nb3 ({White should try} 12. Qe1 $16) 12... Qd8 $1 13. Nd4 Qa5 14. Nb3 Qd8 15. Qd2 b6 16. Rfd1 Bb7 17. Bf1 Qc7 18. Qf2 Rab8 19. Rc2 Kh8 20. Nd4 Rfc8 21. Rcd2 Rd8 22. g4 d5 (22... Ne5 $16) 23. g5 e5 24. gxf6 Bxf6 25. Ndb5 axb5 26. Nxb5 Qc8 27. Nd6 Qc7 28. Nxf7+ {[%emt 0:00:07] Double Attack} Kg8 29. Nxd8 d4 30. Ne6 Qc6 31. Nxd4 exd4 32. Bxd4 h5 33. Bxf6 Nxf6 34. Rd8+ Rxd8 35. Rxd8+ Kh7 36. Qd4 Bc8 37. e5 Ng8 38. Bd3+ Kh8 39. Qd5 Qe6 40. Qxe6 Bxe6 $18 41. Rd6 1/2-1/2

[Event "Gibraltar Amateurs B 2019"]
[Site "Caleta"]
[Date "2019.01.27"]
[Round "2"]
[White "Leimeister, Winfried"]
[Black "Oueld El Hachemi, Abdelhaq"]
[Result "1/2-1/2"]
[ECO "C30"]
[WhiteElo "1870"]
[BlackElo "1747"]
[Annotator "NA"]
[PlyCount "113"]
[EventDate "2019.01.18"]
[EventType "swiss"]
[EventCountry "GGB"]
[SourceTitle "playchess.com"]
[Source "ChessBase"]
[SourceQuality "1"]
[TimeControl "6600+10"]

1. e4 e5 2. f4 d6 3. Nf3 Nc6 4. Bc4 h6 (4... exf4 $11 5. d4 g5) 5. d3 {[%emt 0:00:21] C30: King's Gambit Declined} Be7 6. O-O Nf6 7. c3 O-O 8. b4 $146 ({Predecessor:} 8. Qe2 Bg4 9. b4 a6 10. Na3 Nh5 11. f5 Bg5 {1-0 (43) Janko,R (1835)-Loknar,K (1709) Ljubljana 2014}) 8... a6 9. a4 exf4 10. Bxf4 Be6 11. Ba2 Bxa2 12. Rxa2 Qd7 13. Re2 Qg4 14. Be3 Qh5 15. h3 b5 16. a5 Nd7 17. d4 Bf6 18. Ne1 Rfe8 19. Nd2 Bg5 20. Bxg5 hxg5 21. Nd3 Re7 22. Qe1 Rae8 23. Rf3 Nf6 24. Rfe3 Qg6 25. g4 Nd7 26. Qf2 f6 27. Qf5 Qxf5 28. gxf5 Kf7 29. Nf2 d5 (29... Rh8 $11) 30. Ng4 ({White should play} 30. h4 $16) 30... dxe4 31. Rxe4 Rxe4 32. Rxe4 Rxe4 33. Nxe4 Ne7 34. Ne3 g6 35. fxg6+ Kxg6 36. d5 f5 37. Nc5 Nb8 $2 (37... Nxc5 $19 38. bxc5 f4) 38. c4 {[%emt 0:01:13] [#]} bxc4 $1 39. Nxc4 Nxd5 40. Ne5+ Kf6 41. Ned3 {[%emt 0:00:02] [#]} Ke7 $1 42. Nb3 (42. Kf2 $17) 42... Kd6 43. Nbc5 {[%emt 0:00:18] [#]} Nf6 $2 (43... Nxb4 $1 $19 {[%mdl 512] is more deadly.} 44. Nb7+ (44. Nxb4 Kxc5) 44... Kc6 45. Nxb4+ Kxb7) 44. Kf1 Kd5 45. Ke2 Ne4 46. Ke3 (46. Nxe4 $142 Kxe4 47. Nc5+ Kd5 48. Ke3) 46... Nd6 $17 47. Nb3 Kc4 48. Nbc5 Kc3 49. Ne6 g4 50. hxg4 fxg4 51. Nxc7 Nf5+ 52. Kf4 Kxd3 53. Kxg4 Nd4 54. Nxa6 Nxa6 55. b5 Nxb5 56. Kf5 Kc4 57. Ke4 1/2-1/2

[Event "Gibraltar Amateurs B 2019"]
[Site "Caleta"]
[Date "2019.01.27"]
[Round "2"]
[White "Hermes, Geoff R"]
[Black "Escanciano Reyero, Daniel"]
[Result "1/2-1/2"]
[ECO "B07"]
[WhiteElo "1860"]
[BlackElo "1732"]
[Annotator "NA"]
[PlyCount "110"]
[EventDate "2019.01.18"]
[EventType "swiss"]
[EventCountry "GGB"]
[SourceTitle "playchess.com"]
[Source "ChessBase"]
[SourceQuality "1"]
[TimeControl "6600+10"]

1. d4 Nf6 2. Bf4 g6 3. Nc3 d6 4. e4 Bg7 5. Qd2 h6 {[%emt 0:02:56] LiveBook: 12 Games B07: Pirc Defence: Miscellaneous Systems} (5... c6 6. Nf3 b5 7. a3 Nbd7 8. Bh6 Bxh6 9. Qxh6 Qa5 10. b4 Qc7 11. Bd3 e5 12. h3 a5 13. O-O Bb7 14. Rfe1 Qb6 15. dxe5 dxe5 {0-1 (64) Jumabayev,R (2612)-Amin,B (2689) Riadh 2017}) 6. h4 Nbd7 7. O-O-O a6 $146 ({Predecessor:} 7... c6 8. e5 dxe5 9. dxe5 Ng4 10. e6 fxe6 11. Bc4 {1-0 (24) Ilic,I (2115)-Stawski,N (2045) Canberra 1999}) 8. Nf3 Nb6 9. Bd3 Nh5 10. Bh2 Bg4 11. e5 d5 12. e6 Bxe6 13. Ne5 Bf5 14. g4 Bxd3 15. Qxd3 Nf6 16. Qf3 g5 17. hxg5 hxg5 18. Bg3 Rxh1 19. Rxh1 e6 20. Rh7 Kf8 21. Rh2 Qe7 22. Qe3 Nfd7 23. Nf3 Nc4 24. Qxg5 Qxg5+ 25. Nxg5 Nd6 26. Nf3 Nf6 27. g5 Nfe4 28. Nxe4 dxe4 29. Ne5 Ke7 30. Rh7 Rg8 31. Ng4 Bxd4 32. Bxd6+ cxd6 ({Don't play} 32... Kxd6 33. Nh6 $15 {[%mdl 64] Double Attack}) 33. Nh6 $2 (33. Rh5) 33... Rg7 34. Rxg7 Bxg7 35. Ng4 d5 36. c3 b5 37. Kd2 Kd6 38. Ke3 a5 39. Nh6 Ke7 40. Ng4 b4 41. cxb4 axb4 42. a3 Bxb2 43. axb4 Bc1+ 44. Kd4 Bxg5 45. Kc5 f5 46. Ne5 e3 47. fxe3 Bxe3+ 48. Kc6 f4 49. b5 {[%emt 0:00:04] [#]} Kf6 $1 50. Nf3 Kf5 51. Kd6 Bb6 52. Kc6 $19 Ba5 53. Nd4+ Ke4 54. Nxe6 f3 55. Ng5+ Ke5 1/2-1/2

[Event "Gibraltar Amateurs B 2019"]
[Site "Caleta"]
[Date "2019.01.27"]
[Round "2"]
[White "Garcia-Blazquez Perez, Manuel"]
[Black "Deus, Pedro"]
[Result "0-1"]
[ECO "C45"]
[WhiteElo "1849"]
[BlackElo "1729"]
[Annotator "NA"]
[PlyCount "122"]
[EventDate "2019.01.18"]
[EventType "swiss"]
[EventCountry "GGB"]
[SourceTitle "playchess.com"]
[Source "ChessBase"]
[SourceQuality "1"]
[TimeControl "6600+10"]

1. e4 e5 2. Nf3 Nc6 3. d4 exd4 4. Nxd4 Qh4 {[%emt 0:00:21] LiveBook: 232 Games} (4... Nf6 $11) 5. Nc3 Bb4 6. Qd3 (6. Be2 $1 $14) 6... Nxd4 {[%emt 0:05:27] C45: Scotch Game} 7. Qxd4 Bxc3+ 8. Qxc3 Qxe4+ 9. Be3 Nf6 10. Qxc7 $146 ({Predecessor:} 10. O-O-O c6 11. Rd4 Qe6 12. Bc4 d5 13. Bb3 O-O 14. f3 {0-1 (22) Hammel,J (1717)-Braggaar,P (1902) Leiden 2017}) 10... Nd5 11. Qc5 Nxe3 12. fxe3 b6 13. Qd4 Qxd4 14. exd4 Bb7 15. Kf2 Be4 16. Re1 d5 17. Bd3 f5 18. c4 Kd7 19. Bxe4 fxe4 20. cxd5 Rhe8 21. Ke3 Kd6 22. Rc1 Re7 23. Rhf1 g6 24. b4 Rd8 25. b5 Kxd5 26. Rc6 Rd6 27. Rfc1 Rxc6 $1 28. Rxc6 Rf7 29. Rc8 Rf1 30. Rd8+ Kc4 31. Kxe4 Re1+ 32. Kf3 Kxb5 33. Rd7 Kc4 34. Rxa7 h5 35. Rg7 Re6 36. Rd7 b5 37. Kf4 ({White should play} 37. d5 $14 Re1 38. d6) 37... Re2 38. Kf3 Rxa2 39. Rd6 b4 40. Rxg6 {[%emt 0:00:04] [#]} b3 $1 41. Rb6 Ra1 42. d5 Rd1 43. Ke4 Kc3 44. h3 b2 45. g4 h4 46. Ke5 b1=Q 47. Rxb1 Rxb1 48. d6 Kc4 49. d7 Rd1 50. Ke6 Kc5 51. Ke7 Re1+ $11 52. Kf6 Rd1 53. Ke6 Kc6 54. Kf5 Kxd7 55. Kg5 Ke6 56. Kxh4 Kf6 57. Kh5 Rd5+ 58. Kh4 Kg6 59. Kg3 Rd4 60. Kh4 Rd3 61. g5 Rd4+ 0-1